 Dungeon Crawl Stone Soup version 0.30.0-29-ga12c61a403 (webtiles) character file.

Game seed: 8790162137195463892

4941 qw the Cleaver (level 10, -5/65 HPs)
             Began as a Gargoyle Fighter on June 4, 2023.
             Was a Priest of Okawaru.
             Slain by a death yak (15 damage)
             ... on level 8 of the Dungeon.
             The game lasted 00:04:15 (7729 turns).

qw the Cleaver (Gargoyle Fighter)                   Turns: 7729, Time: 00:04:15

Health: -5/65      AC: 21    Str: 23    XL:     10   Next: 52%
Magic:  13/13      EV:  9    Int:  8    God:    Okawaru [***...]
Gold:   420        SH: 10    Dex: 15    Spells: 9/9 levels left

rFire   + . .        Y - +0 war axe
rCold   . . .        c - +0 buckler
rNeg    + + .        h - +0 chain mail
rPois   inf          e - +2 helmet
rElec   +            j - +0 cloak
rCorr   +            (no gloves)
SInv    .            (no boots)
Will    .....        g - amulet of reflection Stlth
                     i - ring "Deehomic" {rF+ rN+ rCorr Int-2 Dex+6}
HPRegen 0.30/turn    (no ring)
MPRegen 0.13/turn

%: reflection
@: about to teleport
A: sickness immunity, AC +7, negative energy resistance 1, electricity
resistance, torment resistance 1, petrification resistance
a: Renounce Religion, Heroism


You were on level 8 of the Dungeon.
You worshipped Okawaru.
Okawaru was most pleased with you.
You visited 2 branches of the dungeon, and saw 9 of its levels.

You collected 452 gold pieces.
You spent 32 gold pieces at shops.


Innate Abilities, Weirdness & Mutations

You are immune to sickness and miasma.
Your stone body is resilient. (AC +7)
You are immune to poison.
You resist negative energy. (rN+)
You are resistant to electric shocks. (rElec)
You are resistant to unholy torment.
You are immune to petrification.


   Skills:
 - Level 8.9 Fighting
 - Level 10.0 Axes
 - Level 4.0 Throwing
 - Level 5.0 Armour
 - Level 2.0 Dodging
 + Level 4.1 Shields
 - Level 4.0 Invocations


You had 9 spell levels left.
You didn't know any spells.
Your spell library was empty.

Inventory:

Hand Weapons
 o - a +0 hand axe of flaming
 Y - a +0 war axe (weapon)
Missiles
 n - 2 javelins (quivered)
Armour
 c - a +0 buckler (worn)
 e - a +2 helmet (worn)
 h - a +0 chain mail (worn)
 j - a +0 cloak (worn)
Jewellery
 a - an amulet of guardian spirit
 g - an amulet of reflection (around neck)
 i - the ring "Deehomic" (left hand) {rF+ rN+ rCorr Int-2 Dex+6}
   (You found it on level 3 of the Dungeon)

   [ring of positive energy]

   Int:       It affects your intelligence (-2).
   Dex:       It affects your dexterity (+6).
   rF:        It protects you from fire.
   rN:        It protects you from negative energy.
   rCorr:     It protects you from acid and corrosion.
Scrolls
 p - 2 scrolls of teleportation
 r - a scroll of identify
Potions
 b - a potion of heal wounds
 d - 2 potions of might
 k - a potion of brilliance {unknown}
 l - a potion of flight {unknown}
 m - a potion of curing
 s - a potion of attraction

Dungeon Overview and Level Annotations

Branches:
Dungeon (8/15)             Temple (1/1) D:5
   Lair: D:8-11

Altars:
Ashenzari
Cheibriados
Dithmenos
Elyvilon
Fedhas
Gozag
Hepliaklqana
Kikubaaqudgha
Nemelex Xobeh
Okawaru
Qazlal
Ru
Sif Muna
Trog
Uskayaw
Vehumet
Wu Jian
Zin

Shops:
D:7 *

Annotations:
D:3 1 runed translucent door, qw's ghost, novice GrFi
D:8 Pikel


Message History

You hit the death yak. You barely miss the death yak.
The death yak closely misses you. The death yak completely misses you.
You block the death yak's attack.
Pikel, Merchant of Souls comes into view.
He is wielding a +2 whip of freezing and carrying a wand of flame (11).
A lemure comes into view.
Pikel shouts!
You hit the death yak but do no damage.
The death yak is almost dead.
You hit the death yak but do no damage. You slash the death yak!
You slash the death yak!
The death yak is almost dead.
You slash the death yak! You hit the death yak but do no damage.
You block the death yak's attack. The death yak gores you!
The death yak gores you but does no damage.
You hit the death yak but do no damage.
The death yak is almost dead.
You hit the death yak but do no damage. You hit the death yak.
The death yak misses you. The death yak barely misses you.
A lemure comes into view. x2
The death yak misses you.
You hit the death yak.
The death yak is almost dead.
You hit the death yak. x2
The death yak completely misses you. The death yak gores you!
You block the death yak's attack.
You hit the death yak.
The death yak is almost dead.
You slash the death yak! You hit the death yak. You slash the death yak!
You kill the death yak!
Okawaru is honoured by your kill.
You hit the death yak. You hit the death yak but do no damage.
The death yak closely misses you. The death yak gores you.
Your base Throwing skill gained 2 levels and is now at level 4!
7729 ||| READING 3 scrolls of teleportation.
As you read the scroll of teleportation, it crumbles to dust.
You feel strangely unstable.
You feel like a meek peon again. The death yak gores you.
The death yak gores you!
You die... (..#... (.(. ..## ...5....## .5.#...## 5K..... #.YYh# #YYY#

#@## ###..#####
####......>.#
#.........<.#
#.........##..#
##.........####
#.........##
##.......##
####....#


You could see 5 death yaks, Pikel, a black bear and 3 lemures.

Vanquished Creatures
  2 death yaks (D:8)
  Prince Ribbit (D:7)
  6 yaks
  A water moccasin (D:7)
  An ice beast (D:5)
  2 ogres
  3 centaurs
  2 phantoms (D:5)
  A bullfrog (D:6)
  4 kobold brigands
  4 scorpions
  3 howler monkeys (D:7)
  9 hounds
  8 orc priests
  2 sleepcaps
  3 iguanas
  9 orc wizards
  15 gnolls
  A river rat (D:3)
  9 adders
  A white imp (D:6)
  2 ufetubi
  4 worms
  4 dart slugs
  21 orcs
  12 bats
  9 endoplasms
  6 giant cockroaches
  10 hobgoblins
  3 jackals (D:3)
  44 kobolds
  2 quokkas
  7 ball pythons
  2 frilled lizards
  7 goblins
  8 rats
228 creatures vanquished.

Vanquished Creatures (others)
  A kobold brigand (D:3)
1 creature vanquished.

Grand Total: 229 creatures vanquished

Notes
Turn   | Place    | Note
-------+----------+-------------------------------------------
     0 | D:1      | qw the Gargoyle Fighter began the quest for the Orb.
     0 | D:1      | Reached XP level 1. HP: 14/14 MP: 1/1
     0 | D:1      | 0 ||| qw: Version: 0.2-a-107-g4668610
     0 | D:1      | 0 ||| qw: Game counter: 1207
     0 | D:1      | 0 ||| qw: Always use a shield: true
     0 | D:1      | 0 ||| qw: God list: Okawaru
     0 | D:1      | 0 ||| qw: Allow faded altars: false
     0 | D:1      | 0 ||| qw: Do Orc after D:15 true
     0 | D:1      | 0 ||| qw: Do second Lair branch before Depths: true
     0 | D:1      | 0 ||| qw: Lair rune preference: random
     0 | D:1      | 0 ||| qw: Plans: Normal, Zot:1-4, Slime:5, God:TSO, Crypt,
                  | Tomb, Abyss, Pan, Hells, Win
     0 | D:1      | 0 ||| PLANNING D:1-11
   110 | D:1      | Reached skill level 2 in Axes
   222 | D:1      | Reached XP level 2. HP: 19/19 MP: 2/2
   694 | D:1      | 694 ||| DROPPING +0 club.
   719 | D:1      | Reached skill level 3 in Axes
   823 | D:1      | Reached XP level 3. HP: 23/23 MP: 3/3
  1144 | D:1      | 1144 ||| UPGRADING to +0 helmet.
  1149 | D:1      | 1149 ||| UPGRADING to +0 chain mail.
  1159 | D:1      | 1159 ||| DROPPING +0 scale mail.
  1160 | D:1      | 1160 ||| READING scroll labelled BOEB OSMIUFF.
  1161 | D:1      | 1161 ||| READING 3 scrolls labelled KYEZUE YSCHIN.
  1262 | D:1      | 1262 ||| READING scroll labelled XAUK TUTUU.
  1266 | D:1      | 1266 ||| DROPPING 2 scrolls of silence.
  1289 | D:2      | 1289 ||| Stepping ~*~*~tactically~*~*~ (stealth).
  1290 | D:2      | 1290 ||| Stepping ~*~*~tactically~*~*~ (stealth).
  1391 | D:2      | 1391 ||| DROPPING +0 whip.
  1690 | D:2      | 1690 ||| Stepping ~*~*~tactically~*~*~ (hiding).
  1972 | D:2      | 1972 ||| UPGRADING to amulet of reflection.
  1977 | D:2      | 1977 ||| READING scroll labelled JIUMPU KOAXOUL.
  1978 | D:2      | 1978 ||| READING scroll labelled QUEMOA FERGHO.
  2012 | D:3      | 2012 ||| PLANNING SEWER
  2140 | D:3      | Reached XP level 4. HP: 26/28 MP: 4/4
  2203 | D:3      | Reached skill level 4 in Axes
  2230 | D:3      | You fall into a shaft and drop 1 floor!
  2233 | D:4      | 2233 ||| Stepping ~*~*~tactically~*~*~ (stealth).
  2260 | D:4      | HP: 7/28 [orc wizard/puff of flame (4)]
  2262 | D:4      | Reached XP level 5. HP: 9/32 MP: 5/5
  2269 | D:4      | HP: 8/32 [orc wizard/+0 dagger (2)]
  2276 | D:4      | HP: 8/32 [something (2)]
  2457 | D:4      | Reached skill level 5 in Axes
  2486 | D:4      | 2486 ||| UPGRADING to +0 cloak.
  2501 | D:4      | 2501 ||| READING scroll labelled YTTOUF OMERGHY.
  2512 | D:4      | 2512 ||| READING scroll labelled FEEBRU LATIUN.
  2539 | D:4      | Reached XP level 6. HP: 34/38 MP: 6/6
  2569 | D:4      | Reached skill level 6 in Axes
  2675 | D:4      | 2675 ||| DROPPING +0 flail.
  2730 | D:4      | 2730 ||| DROPPING +0 morningstar.
  2775 | D:4      | 2775 ||| READING scroll labelled BULUT NIPENEGG.
  2798 | D:3      | 2798 ||| RIP SEWER
  2799 | D:3      | 2799 ||| PLANNING D:1-11
  2970 | D:3      | Found a runed translucent door.
  2975 | D:3      | Noticed qw's ghost (novice GrFi)
  3207 | D:3      | Reached skill level 1 in Dodging
  3226 | D:3      | Reached XP level 7. HP: 38/43 MP: 7/7
  3283 | D:3      | 3283 ||| Stepping ~*~*~tactically~*~*~ (stealth).
  3419 | D:3      | Identified the ring "Deehomic" {rF+ rN+ rCorr Int-2 Dex+6}
  3421 | D:3      | 3421 ||| Stepping ~*~*~tactically~*~*~ (hiding).
  3433 | D:3      | Reached skill level 7 in Axes
  3436 | D:3      | HP: 10/43 [gnoll/+0 spear (3)]
  3437 | D:3      | 3437 ||| READING scroll of teleportation.
  3443 | D:3      | 3443 ||| FLEEEEING.
  3444 | D:3      | 3444 ||| FLEEEEING.
  3445 | D:3      | 3445 ||| FLEEEEING.
  3446 | D:3      | 3446 ||| FLEEEEING.
  3447 | D:3      | 3447 ||| FLEEEEING.
  3448 | D:3      | 3448 ||| FLEEEEING.
  3449 | D:3      | 3449 ||| FLEEEEING.
  3450 | D:3      | 3450 ||| FLEEEEING.
  3451 | D:3      | 3451 ||| FLEEEEING.
  3452 | D:3      | 3452 ||| FLEEEEING.
  3458 | D:3      | 3458 ||| FLEEEEING.
  3459 | D:3      | 3459 ||| FLEEEEING.
  3460 | D:3      | 3460 ||| FLEEEEING.
  3461 | D:3      | 3461 ||| FLEEEEING.
  3463 | D:3      | 3463 ||| FLEEEEING.
  3464 | D:3      | 3464 ||| FLEEEEING.
  3465 | D:3      | 3465 ||| FLEEEEING.
  3466 | D:3      | 3466 ||| FLEEEEING.
  3467 | D:3      | 3467 ||| FLEEEEING.
  3482 | D:3      | 3482 ||| FLEEEEING.
  3483 | D:3      | 3483 ||| FLEEEEING.
  3484 | D:3      | 3484 ||| FLEEEEING.
  3485 | D:3      | 3485 ||| FLEEEEING.
  3486 | D:3      | 3486 ||| FLEEEEING.
  3487 | D:3      | 3487 ||| FLEEEEING.
  3488 | D:3      | 3488 ||| FLEEEEING.
  3489 | D:3      | 3489 ||| FLEEEEING.
  3490 | D:3      | 3490 ||| FLEEEEING.
  3491 | D:3      | 3491 ||| FLEEEEING.
  3492 | D:3      | 3492 ||| FLEEEEING.
  3493 | D:3      | 3493 ||| FLEEEEING.
  3494 | D:3      | 3494 ||| FLEEEEING.
  3495 | D:3      | 3495 ||| FLEEEEING.
  3496 | D:3      | 3496 ||| FLEEEEING.
  3497 | D:3      | 3497 ||| FLEEEEING.
  3498 | D:3      | 3498 ||| FLEEEEING.
  3499 | D:3      | 3499 ||| FLEEEEING.
  3500 | D:3      | 3500 ||| FLEEEEING.
  3501 | D:3      | 3501 ||| FLEEEEING.
  3502 | D:3      | 3502 ||| STAIRDANCE
  3577 | D:2      | 3577 ||| UPGRADING to ring "Deehomic" {rF+ rN+ rCorr Int-2
                  | Dex+6}.
  3578 | D:2      | 3578 ||| READING scroll labelled ELIBOEXAGYEWN.
  3579 | D:2      | 3579 ||| DROPPING potion of berserk rage.
  3634 | D:3      | Found a radiant altar of Vehumet.
  3687 | D:3      | Found a sparkling altar of Nemelex Xobeh.
  3687 | D:3      | Found a stormy altar of Qazlal.
  3687 | D:3      | Found an ornate altar of the Wu Jian Council.
  3687 | D:3      | Found a hide-covered altar of Uskayaw.
  3698 | D:3      | Found a broken altar of Ashenzari.
  3703 | D:3      | Found an opulent altar of Gozag.
  3852 | D:3      | 3852 ||| Stepping ~*~*~tactically~*~*~ (hiding).
  3868 | D:3      | 3868 ||| Stepping ~*~*~tactically~*~*~ (hiding).
  3927 | D:3      | Reached XP level 8. HP: 29/49 MP: 8/8
  4295 | D:3      | 4295 ||| DRINKING 2 fuming cyan potions.
  4380 | D:4      | Found a blossoming altar of Fedhas.
  4461 | D:4      | 4461 ||| Stepping ~*~*~tactically~*~*~ (hiding).
  4464 | D:4      | 4464 ||| Stepping ~*~*~tactically~*~*~ (hiding).
  4617 | D:4      | 4617 ||| READING scroll labelled KYXZEA QUYTUQ.
  4631 | D:5      | Entered Level 5 of the Dungeon
  4638 | D:5      | Found a staircase to the Ecumenical Temple.
  4639 | D:5      | 4639 ||| PLANNING TEMPLE
  4647 | Temple   | Entered the Ecumenical Temple
  4657 | Temple   | 4657 ||| PLANNING OKAWARU WORSHIP
  4692 | Temple   | Became a worshipper of Warmaster Okawaru
  4692 | Temple   | 4692 ||| PLANNING D:1-11
  4706 | D:5      | Reached skill level 1 in Throwing
  4708 | D:5      | HP: 4/49 [ogre/+0 giant club (13)]
  4709 | D:5      | 4709 ||| READING scroll of teleportation.
  4900 | D:5      | Noticed a yak
  4901 | D:5      | Noticed a yak
  4901 | D:5      | Noticed a yak
  4901 | D:5      | Noticed a yak
  4902 | D:5      | 4902 ||| Stepping ~*~*~tactically~*~*~ (stealth).
  4903 | D:5      | 4903 ||| Stepping ~*~*~tactically~*~*~ (stealth).
  4904 | D:5      | Noticed a yak
  4905 | D:5      | Noticed a yak
  4907 | D:5      | Killed a yak
  4913 | D:5      | 4913 ||| STAIRDANCE
  4922 | D:4      | Killed a yak
  4922 | D:4      | Reached * piety under Okawaru
  4923 | D:4      | Reached skill level 8 in Axes
  4999 | D:5      | 4999 ||| STAIRDANCE
  5001 | D:4      | 5001 ||| INVOKING Heroism.
  5003 | D:4      | Killed a yak
  5064 | D:5      | Killed a yak
  5065 | D:5      | Reached skill level 1 in Invocations
  5076 | D:5      | 5076 ||| STAIRDANCE
  5078 | D:4      | Killed a yak
  5079 | D:4      | Reached skill level 6 in Fighting
  5079 | D:4      | Reached XP level 9. HP: 41/55 MP: 9/11
  5134 | D:5      | 5134 ||| STAIRDANCE
  5136 | D:4      | 5136 ||| INVOKING Heroism.
  5142 | D:4      | Reached skill level 3 in Invocations
  5300 | D:5      | Found a glowing silver altar of Zin.
  5453 | D:5      | Found a bloodstained altar of Trog.
  5483 | D:5      | 5483 ||| Stepping ~*~*~tactically~*~*~ (hiding).
  5496 | D:5      | Reached ** piety under Okawaru
  5574 | D:5      | Found a shimmering blue altar of Sif Muna.
  5595 | D:5      | Reached skill level 9 in Axes
  5817 | D:5      | 5817 ||| DROPPING amulet of regeneration.
  5818 | D:5      | 5818 ||| READING scroll labelled DAMIUH VOESM.
  5862 | D:6      | 5862 ||| INVOKING Heroism.
  5934 | D:6      | 5934 ||| INVOKING Heroism.
  5935 | D:6      | 5935 ||| Stepping ~*~*~tactically~*~*~ (stealth).
  5937 | D:6      | 5937 ||| Stepping ~*~*~tactically~*~*~ (stealth).
  6125 | D:6      | 6125 ||| DROPPING -3 eveningstar.
  6844 | D:6      | 6844 ||| UPGRADING to +2 helmet.
  6854 | D:6      | 6854 ||| DROPPING +0 helmet.
  6903 | D:7      | Found Wige's CLEARANCE SALE!.
  6922 | D:7      | 6922 ||| Stepping ~*~*~tactically~*~*~ (stealth).
  6924 | D:7      | 6924 ||| Stepping ~*~*~tactically~*~*~ (stealth).
  6934 | D:7      | 6934 ||| FLEEEEING.
  6935 | D:7      | 6935 ||| FLEEEEING.
  6936 | D:7      | 6936 ||| FLEEEEING.
  6937 | D:7      | 6937 ||| STAIRDANCE
  6979 | D:7      | Noticed Prince Ribbit
  6980 | D:7      | 6980 ||| INVOKING Heroism.
  6991 | D:7      | Killed Prince Ribbit
  6992 | D:7      | Reached XP level 10. HP: 54/63 MP: 11/13
  7023 | D:7      | 7023 ||| Stepping ~*~*~tactically~*~*~ (hiding).
  7024 | D:7      | 7024 ||| Stepping ~*~*~tactically~*~*~ (hiding).
  7028 | D:7      | 7028 ||| Stepping ~*~*~tactically~*~*~ (hiding).
  7044 | D:7      | Reached skill level 10 in Axes
  7056 | D:7      | Reached *** piety under Okawaru
  7061 | D:7      | 7061 ||| INVOKING Heroism.
  7196 | D:7      | Found a shadowy altar of Dithmenos.
  7318 | D:7      | 7318 ||| Stepping ~*~*~tactically~*~*~ (stealth).
  7390 | D:7      | 7390 ||| BUYING potion of attraction (12 gold).
  7390 | D:7      | Bought a potion of attraction for 12 gold pieces
  7390 | D:7      | 7390 ||| BUYING scroll of identify (8 gold).
  7390 | D:7      | Bought a scroll of identify for 8 gold pieces
  7390 | D:7      | 7390 ||| BUYING scroll of teleportation (12 gold).
  7390 | D:7      | Bought a scroll of teleportation for 12 gold pieces
  7634 | D:7      | 7634 ||| READING scroll labelled FIDEFI KINUTU.
  7672 | D:7      | 7672 ||| READING scroll labelled ASOLUV OLENO.
  7673 | D:7      | 7673 ||| DRINKING 2 glowing green potions.
  7674 | D:7      | 7674 ||| READING 2 scrolls of identify.
  7674 | D:7      | 7674 ||| IDENTIFYING fizzy coppery potion
  7675 | D:7      | 7675 ||| DROPPING potion of degeneration.
  7702 | D:8      | Noticed a death yak
  7702 | D:8      | Noticed a death yak
  7703 | D:8      | 7703 ||| INVOKING Heroism.
  7707 | D:8      | Noticed a death yak
  7708 | D:8      | Noticed a death yak
  7711 | D:8      | Noticed a death yak
  7714 | D:8      | Noticed a death yak
  7716 | D:8      | Noticed a death yak
  7718 | D:8      | Killed a death yak
  7722 | D:8      | Noticed Pikel
  7728 | D:8      | Killed a death yak
  7728 | D:8      | HP: 16/65 [death yak (6)]
  7729 | D:8      | 7729 ||| READING 3 scrolls of teleportation.
  7729 | D:8      | Slain by a death yak

Levels and vault maps discovered:
D:1:      dpeg_arrival_central, layout_basic, hangedman_abyss_or_decor_stabs
D:2:      layout_basic
D:3:      minmay_goblin_kobold_castle, layout_loops_ring, vehumet_crystals,
          minmay_overflow_temple_hex, portal_sewer_entry_b,
          ebering_ghost_reflecting_pool, hangedman_decor_points
D:4:      old_forge, layout_cave_pools, mainiacjoe_overflow_six_doors_small
D:5:      layout_rooms, zin_scriptorium, mainiacjoe_overflow_paths,
          lemuel_round_altar, minmay_temple_entry_slanted
D:6:      layout_layer_cave, amethyst_killhole
D:7:      layout_cave_pools, mainiacjoe_overflow_brackets,
          nicolae_shop_clearance, uniq_prince_ribbit1
D:8:      minmay_statue_hallways, layout_cave_pools,
          mainiacjoe_overflow_tiny_flanked, dpeg_lair_monsters,
          minmay_shop_damaged, grunt_decor_cap, uniq_pikel
Temple:   nicolae_temple_ecumenical_triangle

Skill      XL: |  1  2  3  4  5  6  7  8  9 10 |
---------------+-------------------------------+-----
Axes           | 2 3 4 5 6 7 8 9 10 | 10.0
Fighting       | 4 5 6 7 8 |  8.9
Dodging        | 1 2 |  2.0
Throwing       | 2 4 |  4.0
Armour         | 4 5 |  5.0
Invocations    | 2 4 |  4.0
Shields        | 4 |  4.1

Action                     |  1- 3 |  4- 6 |  7- 9 | 10-12 || total
---------------------------+-------+-------+-------+-------++-------
  Melee: War axe           |   118 |   155 |   341 |    63 ||   677
  Throw: Boomerang         |    13 |    10 |       |       ||    23
         Javelin           |       |     6 |    38 |     9 ||    53
 Invoke: Heroism           |       |       |     5 |     2 ||     7
    Use: Scroll            |     5 |     3 |     5 |     4 ||    17
         Potion            |       |       |     1 |     1 ||     2
 Armour: Scale mail        |    34 |       |       |       ||    34
         Chain mail        |    34 |   155 |   168 |    27 ||   384
  Dodge: Dodged            |    35 |    68 |   120 |    23 ||   246
  Block: Buckler           |    24 |    98 |   151 |    33 ||   306
         Reflection        |       |     3 |     5 |     1 ||     9

Table legend:
 A = Non-vault XP
 B = Vault XP
 C = Vault XP percentage of total XP
 D = Non-vault monster count
 E = Vault monster count
 F = Vault count percentage of total count
                 A         B        C        D         E       F
            +---------+---------+-------+---------+---------+-------
      Total |    4420 |    2639 |  37.4 |     164 |      65 |  28.4
            +---------+---------+-------+---------+---------+-------
        D:1 |      38 |       0 |   0.0 |      22 |       0 |   0.0
        D:2 |      33 |       0 |   0.0 |      16 |       0 |   0.0
        D:3 |     128 |     550 |  81.1 |      25 |      53 |  67.9
        D:4 |    1054 |     216 |  17.0 |      29 |       9 |  23.7
        D:5 |    1395 |       0 |   0.0 |      30 |       0 |   0.0
        D:6 |     774 |       0 |   0.0 |      16 |       0 |   0.0
        D:7 |     998 |     259 |  20.6 |      26 |       1 |   3.7
        D:8 |       0 |    1614 | 100.0 |       0 |       2 | 100.0
            +---------+---------+-------+---------+---------+-------
